 Dungeon Crawl Stone Soup version 0.21-a0-95-g06f091e (webtiles) character file.

1699 Ordine the Conjurer (level 8, -19/40 (41) HPs)
             Began as a Deep Elf Wizard on July 4, 2017.
             Demolished by an orc warrior
             ... wielding a +3 war axe
              (25 damage)
             ... in a bailey.
             The game lasted 00:19:49 (6566 turns).

Ordine the Conjurer (Deep Elf Wizard)               Turns: 6566, Time: 00:19:51

HP:   -19/40 (41)   AC:  9    Str:  4    XL:     8   Next: 73%
MP:   10/26         EV: 13    Int: 26    God:
Gold: 300           SH:  3    Dex: 13    Spells: 8/17 levels left

rFire    . . .     SeeInvis .   y - +0 rapier
rCold    . . .     Gourm    .   (no shield)
rNeg     . . .     Faith    .   B - +2 robe {Archmagi}
rPois    .         Spirit   .   j - +2 helmet
rElec    .         Reflect  +   o - +0 cloak
rCorr    .         Harm     .   (no gloves)
MR       .....                  g - +0 pair of boots
Stlth    +++.......             k - +3 amulet of reflection
HPRegen  0.13/turn              e - ring of flight
MPRegen  0.20/turn              A - ring of magical power

@: no status effects
A: no striking features
a: Evoke Flight


You were in a bailey.
You were not hungry.

You visited 1 branch of the dungeon, and saw 7 of its levels.
You also visited: Bailey.

You collected 300 gold pieces.

Inventory:

Hand Weapons
 y - a +0 rapier (weapon)
Armour
 g - a +0 pair of boots (worn)
 j - a +2 helmet (worn)
 o - a +0 cloak (worn)
 B - a +2 robe of the Archmagi (worn)
Jewellery
 e - a ring of flight (left hand)
 k - a +3 amulet of reflection (around neck)
 A - a ring of magical power (right hand)
Wands
 i - a wand of paralysis (11/24)
 t - a wand of iceblast (6/15)
Scrolls
 p - 2 scrolls of recharging
 s - 5 scrolls of teleportation
 C - a scroll of blinking {unknown}
Potions
 a - 2 potions of lignification
 f - a potion of degeneration {unknown}
 h - a potion of ambrosia {unknown}
 l - 2 potions of berserk rage
 n - 4 potions of might
 q - a potion of agility
 r - 2 potions of curing
 u - 2 potions of heal wounds
 v - 2 potions of brilliance {unknown}
 z - a potion of cancellation {unknown}
 D - a potion of magic {unknown}
Books
 c - a book of Minor Magic

   Spells                             Type                      Level
   a - Magic Dart                     Conjuration                  1
   b - Blink                          Translocation                2
   c - Call Imp                       Summoning                    2
   d - Slow                           Hexes                        2
   e - Conjure Flame                  Conjuration/Fire             3
   f - Mephitic Cloud                 Conjuration/Poison/Air       3
Comestibles
 b - 11 fruits
 d - 7 bread rations
 m - 4 royal jellies
 w - 5 chunks of flesh
 x - 3 meat rations


   Skills:
 + Level 0.1 Fighting
 * Level 5.0 Short Blades
 + Level 0.1 Armour
 + Level 2.4 Dodging
 + Level 6.3 Stealth
 - Level 5.0 Spellcasting
 + Level 6.6 Conjurations
   Level 1.1 Summonings
 - Level 3.0 Translocations
 - Level 3.0 Fire Magic
 - Level 3.0 Air Magic
 - Level 3.0 Poison Magic
 + Level 0.2 Evocations


You had 8 spell levels left.
You knew the following spells:

 Your Spells              Type           Power        Failure   Level  Hunger
a - Magic Dart            Conj           ####         1%          1    None
b - Blink                 Tloc           N/A          3%          2    None
c - Conjure Flame         Conj/Fire      #####...     3%          3    #......
d - Mephitic Cloud        Conj/Pois/Air  #####...     4%          3    #......


Dungeon Overview and Level Annotations

Branches:
Dungeon (7/15)             Temple (0/1) D:7

Altars:
Ashenzari
Dithmenos
Makhleb

Shops:
D:6 (

Annotations:
Bailey 3 runed doors


Message History

Okay, then.
Found a potion of might.
Things that are here:
a hand axe; a leather armour; an orc corpse
Found a pink potion.
Found a runed gate.
C - a scroll labeled WIXTUQ XAHUOTS
n - 4 potions of might (gained 1)
D - a pink potion An orc warrior comes into view.
It is wielding an enchanted war axe.
The orc warrior shouts!
An orc comes into view. It is wielding a war axe.
Casting: Magic Dart
Confirm with . or Enter, or press ? or * to list all spells.
You feel a surge of power!
You blink.
The orc shouts!
A hobgoblin comes into view. It is wielding a hand axe.
The orc warrior hits you with an enchanted war axe!!
Ouch! That really hurt!
You die...

.##≈≈≈#≈
####......##
.#≈)....
≈#≈≈#.....##
.#≈!....
...≈#...o##
.##8.8..
.8≈##...#
..#o.... ..≈
+...#
..#....∩
...≈ +§..#
..#..... .
+...#
.##8.8..
8.8≈##o..#
.#go....
...≈#..@.#
.#≈)....
≈#≈≈#.....#
.##≈≈≈#≈
####......#
..#####
....o8...#
....'
.g........#
....#
#.........?#
....#
#...8..8..##
...##
##.......##
..##


You could see an orc knight, an orc warrior, an orc and a hobgoblin.

Vanquished Creatures
  Eustachio (D:4)
  A water moccasin (D:6)
  A sky beast (D:5)
  A necrophage (D:6)
  A phantom (D:7)
  A centaur (D:6)
  2 bullfrogs (D:6)
  A scorpion (D:4)
  5 wights (D:6)
  A howler monkey (D:6)
  2 crimson imps (D:6)
  A centaur skeleton (D:5)
  An orc priest (D:3)
  2 hounds
  5 orc wizards
  Ijyb (D:3)
  5 worker ants
  A hound zombie (D:6)
  A hound skeleton (D:6)
  Robin (D:2)
  A gnoll (Bailey)
  3 adders
  An ooze (D:3)
  2 adder skeletons
  4 worms
  A dart slug (D:4)
  5 leopard geckos
  18 orcs
  7 bats
  3 giant cockroaches
  10 hobgoblins
  4 jackals (D:3)
  10 kobolds
  5 quokkas
  A ball python (D:1)
  8 frilled lizards
  20 goblins
  4 rats
142 creatures vanquished.

Notes
Turn   | Place    | Note
-------+----------+-------------------------------------------
     0 | D:1      | Ordine the Deep Elf Wizard began the quest for the Orb.
     0 | D:1      | Reached XP level 1. HP: 10/10 MP: 7/7
   504 | D:1      | Reached XP level 2. HP: 13/15 MP: 1/9
   508 | D:1      | Learned a level 2 spell: Blink
   921 | D:2      | Found a shadowy altar of Dithmenos.
   926 | D:2      | Noticed Robin
  1050 | D:2      | Reached XP level 3. HP: 19/19 MP: 3/11
  1116 | D:1      | Learned a level 3 spell: Conjure Flame
  1120 | D:1      | Learned a level 3 spell: Mephitic Cloud
  1185 | D:2      | Killed Robin
  1391 | D:2      | Reached skill level 1 in Air Magic
  1818 | D:3      | Reached XP level 4. HP: 24/24 MP: 7/12
  2027 | D:3      | Reached skill level 1 in Fire Magic
  2297 | D:3      | Noticed Ijyb
  2322 | D:3      | Killed Ijyb
  2322 | D:3      | Reached XP level 5. HP: 28/28 MP: 0/14
  2742 | D:4      | Reached skill level 5 in Spellcasting
  3078 | D:4      | Noticed Eustachio
  3102 | D:4      | Killed Eustachio
  3102 | D:4      | Reached XP level 6. HP: 32/32 MP: 2/15
  3531 | D:5      | Entered Level 5 of the Dungeon
  3640 | D:5      | Noticed a sky beast
  3705 | D:5      | Reached XP level 7. HP: 36/36 MP: 9/16
  4309 | D:6      | Reached skill level 5 in Conjurations
  4355 | D:6      | Reached skill level 1 in Short Blades
  4622 | D:6      | Reached skill level 5 in Stealth
  4693 | D:6      | Reached skill level 1 in Poison Magic
  4972 | D:6      | Found Jiweis's Weapon Boutique.
  5060 | D:6      | Reached XP level 8. HP: 33/41 MP: 10/17
  5399 | D:6      | Found a burning altar of Makhleb.
  5690 | D:6      | Found a shattered altar of Ashenzari.
  6299 | D:7      | Found a flagged portal.
  6319 | Bailey   | Entered a bailey
  6369 | Bailey   | Noticed an orc warlord
  6415 | Bailey   | Reached skill level 5 in Short Blades
  6525 | Bailey   | Noticed an orc knight
  6537 | Bailey   | HP: 2/40 [orc knight/war axe (20)]
  6547 | Bailey   | Found a runed gate.
  6547 | Bailey   | Found a runed gate.
  6559 | Bailey   | Found a runed gate.
  6566 | Bailey   | Demolished by an orc warrior

Vault maps used:
D:1:      saegor_arrival_simple_e
D:2:      grunt_dithmenos_smoke, uniq_robin
D:3:      uniq_ijyb
D:4:      uniq_eustachio
D:5:      first_bread, grunt_decor_resistance
D:6:      makhleb_blood_cavern_becter, lemuel_coloured_pillars_altar,
          serial_shops, shop, kennysheep_generic_room_10
D:7:      minmay_flawed_box, minmay_temple_entry_crystal_x, enter_bailey_3,
          uniq_crazy_yiuf_cottage, uniq_joseph
Bailey:   bailey_axe_bossmonster_kennysheep, bailey

Skill      XL: |  1  2  3  4  5  6  7  8 |
---------------+-------------------------+-----
Conjurations   | 2 3 4 5 6 |  6.6
Air Magic      | 1 2 3 |  3.0
Translocations | 2 3 |  3.0
Stealth        | 3 4 5 6 |  6.3
Fire Magic     | 1 2 3 |  3.0
Spellcasting   | 5 |  5.0
Short Blades   | 3 5 |  5.0
Poison Magic   | 1 3 |  3.0
Fighting       | |  0.1
Armour         | |  0.1
Dodging        | |  2.4
Summonings     | |  1.1
Evocations     | |  0.2

Action                   |  1- 3 |  4- 6 |  7- 9 || total
-------------------------+-------+-------+-------++-------
Melee: Dagger            |       |    21 |       ||    21
       Rapier            |       |       |    29 ||    29
 Cast: Magic Dart        |    96 |   142 |   235 ||   473
       Mephitic Cloud    |       |     3 |     3 ||     6
       Blink             |       |       |     2 ||     2
       Conjure Flame     |       |       |     1 ||     1
  Use: Scroll            |     5 |     7 |     3 ||    15
 Stab: Confused          |       |     1 |       ||     1
  Eat: Chunk             |     3 |     5 |     9 ||    17
Armor: Robe              |     9 |     7 |    27 ||    43
Dodge: Dodged            |    13 |    30 |    58 ||   101
Block: Other             |       |     1 |    13 ||    14
       Reflection        |       |       |     1 ||     1
